 Dungeon Crawl Stone Soup version 0.31-a0-986-g5e6e4ef867 (webtiles) character file.

Game seed: 17866686915436536347

3073 Dordric the Grappler (level 9, 0/75 HPs)
             Began as a Troll Shapeshifter on Nov 24, 2023.
             Was a Follower of Makhleb.
             Slain by a killer bee (7 damage)
             ... on level 7 of the Dungeon.
             The game lasted 00:08:13 (5503 turns).

Dordric the Grappler (Troll Shapeshifter)           Turns: 5503, Time: 00:08:14

Health: 0/75       AC:  6    Str: 28    XL:     9   Next: 58%
Magic:  8/8        EV:  9    Int:  6    God:    Makhleb [*.....]
Gold:   455        SH:  0    Dex:  9    Spells: 8/8 levels left

rFire   . .          .
                       - Unarmed
rCold   . . .        (shield currently unavailable)
rNeg    . . .        a - +0 animal skin
rPois   +            (helmet restricted)
rElec   .            t - +1 cloak {rPois}
rCorr   .            (gloves unavailable)
SInv    .            (boots unavailable)
Will    .....        (no amulet)
Stlth   +            (no ring)
HPRegen 1.12/turn    (no ring)
MPRegen 0.11/turn

%: no passive effects
@: lethally poisoned (0 -> -1), flux-form, glowing
A: glow, contaminating, large, unfitting armour, claws 3, regeneration 1, shaggy
fur 1, tough skin 1
a: Begin Untransformation, Renounce Religion


You were on level 7 of the Dungeon.
You worshipped Makhleb.
Makhleb was aware of your devotion.
You were something dangerously unstable.
You visited 2 branches of the dungeon, and saw 8 of its levels.

You collected 455 gold pieces.

Inventory:

Missiles
 s - 2 throwing nets
Armour
 a - a +0 animal skin (worn)
 t - a +1 cloak of poison resistance (worn)
Jewellery
 g - a ring of fire
 r - a ring of ice
 B - a ring of see invisible
Talismans
 c - a beast talisman
 d - a flux talisman (active)
 l - a serpent talisman
Wands
 p - a wand of polymorph (16)
Scrolls
 f - 2 scrolls of blinking {unknown}
 h - 2 scrolls of noise {unknown}
 i - a scroll of vulnerability {unknown}
 j - 2 scrolls of poison {unknown}
 k - 2 scrolls of teleportation
 o - 3 scrolls of enchant armour
 v - a scroll of revelation {unknown}
 w - a scroll of fog {unknown}
 x - a scroll of summoning {unknown}
 y - 3 scrolls of identify
 C - 2 scrolls of enchant weapon {unknown}
Potions
 b - a potion of lignification
 e - a potion of attraction
 m - 3 potions of curing {unknown}
 n - a potion of enlightenment {unknown}
 q - a potion of cancellation {unknown}
 u - a potion of haste {unknown}
 z - 2 potions of heal wounds {unknown}
 A - a potion of mutation {unknown}
 D - a potion of might {unknown}


   Skills:
 - Level 0.7 Fighting
 - Level 1.5 Dodging
 + Level 10.0 Unarmed Combat
 + Level 9.3 Shapeshifting


You had 8 spell levels left.
You didn't know any spells.
Your spell library contained the following spells:

 Spells                   Type           Power      Damage    Failure   Level
 Blink                    Tloc           0%         N/A       58%         2
 Lesser Beckoning         Tloc           0%         N/A       58%         2
 Momentum Strike          Conj/Tloc      0%         3d8       58%         2


Dungeon Overview and Level Annotations

Branches:
Dungeon (7/15)             Temple (1/1) D:6

Altars:
Ashenzari
Elyvilon
Fedhas
Hepliaklqana
Kikubaaqudgha
Makhleb
Nemelex Xobeh
Okawaru
Qazlal
Ru
Sif Muna
Trog
Vehumet
Wu Jian
Xom
Yredelemnul
The Shining One

Annotations:
D:6 3 runed translucent doors, Mig's ghost, novice TrSh


Innate Abilities, Weirdness & Mutations

You are something dangerously unstable.
You glow with magical radiation, making you easy to see and hit.
Foes you strike become dangerously contaminated with magical radiation.
You are incapable of wielding weapons or throwing items.
You are too large for most types of armour.
You have claws for hands.
Your natural rate of healing is unusually fast.
You are covered in fur. (AC +1)
You have tough skin. (AC +1)


Message History

The killer bee is severely wounded.
You feel sick.
You are no longer poisoned.
The killer bee stings you.
* * * LOW HITPOINT WARNING * * *
You barely miss the killer bee.
The killer bee is severely wounded.
The killer bee closely misses you. The killer bee barely misses you.
You claw the killer bee!
You kill the killer bee!
Makhleb accepts your kill. The killer bee stings you.
* * * LOW HITPOINT WARNING * * *
You closely miss the killer bee.
The killer bee stings you but does no damage.
You barely miss the killer bee. The killer bee barely misses you.
The killer bee completely misses you.
You scratch the killer bee.
The killer bee begins to glow.
The killer bee is moderately wounded.
The killer bee stings you but does no damage. x2
You scratch the killer bee.
The killer bee glows dangerously bright.
The killer bee is heavily wounded.
The killer bee stings you.
* * * LOW HITPOINT WARNING * * *
You are poisoned.
The killer bee poisons you!
You claw the killer bee!
The killer bee shudders as magic cascades through it!!
You kill the killer bee!
Makhleb accepts your kill.
You feel sick. The killer bee barely misses you.
You closely miss the killer bee.
You feel sick. The killer bee stings you!
* * * LOW HITPOINT WARNING * * *
You claw the killer bee!
The killer bee begins to glow.
The killer bee is almost dead.
You feel sick. The killer bee stings you.
* * * LOW HITPOINT WARNING * * *
The killer bee stings you!
You die...

#...........†#
#.# #.
#............#
#.# #.
##...........##
#.# #.
###..........#
#.# #.
#...#.....##
#.# #.
######...## #.#
#. #.).).# #.#
#.
#####.#.#.####
#.
#.........py.#
#.
#.###.#.#.##.#
## #.# #.....#
... #.# ###.###
.### #># #.# .#
#.# #.# .. #.#
#.# ## #.# #.#
#.# #.#


You could see a killer bee (contam).

Vanquished Creatures
  A troll (D:7)
  Grinder (D:5)
  Sigmund (D:2)
  2 orc warriors (D:7)
  A sky beast (D:6)
  4 black bears
  An ice beast (D:6)
  A centaur (D:7)
  A phantom (D:4)
  Blork the orc (D:4)
  A bullfrog (D:7)
  3 scorpions
  3 killer bees (D:7)
  5 hounds
  3 jellies
  2 orc priests
  Crazy Yiuf (D:4)
  2 sleepcaps (D:5)
  7 iguanas
  9 orc wizards
  9 adders
  11 gnolls (D:3)
  2 white imps
  6 ufetubi
  A worm (D:4)
  2 dart slugs
  17 orcs
  6 ball pythons
  7 endoplasms
  3 giant cockroaches
  27 goblins
  29 hobgoblins
  3 jackals (D:3)
  11 kobolds
  A quokka (D:2)
  6 bats
  5 frilled lizards
  16 rats
212 creatures vanquished.

Notes
Turn   | Place    | Note
-------+----------+-------------------------------------------
     0 | D:1      | Dordric the Troll Shapeshifter began the quest for the Orb.
     0 | D:1      | Reached XP level 1. HP: 18/18 MP: 0/0
   192 | D:1      | Reached XP level 2. HP: 26/26 MP: 1/1
   565 | D:2      | Reached XP level 3. HP: 32/32 MP: 2/2
   605 | D:2      | Found a faded altar of an unknown god.
   616 | D:2      | Reached skill level 4 in Unarmed Combat
   616 | D:2      | Reached XP level 4. HP: 30/40 MP: 3/3
   903 | D:2      | Identified the +5 dagger "Duzxuroj" {antimagic, rF+ rC+
                  | Dex+4}
  1108 | D:2      | Noticed Sigmund
  1125 | D:2      | Killed Sigmund
  1126 | D:2      | Reached skill level 5 in Unarmed Combat
  1126 | D:2      | Reached XP level 5. HP: 14/46 MP: 4/4
  1126 | D:2      | Reached XP level 6. HP: 16/54 MP: 5/5
  1201 | D:3      | Reached skill level 5 in Shapeshifting
  1505 | D:3      | Identified the +7 sling of the Present {elec, Str-2 Dex+5}
  1573 | D:3      | Found an iron altar of Okawaru.
  1819 | D:3      | HP: 2/54 [gnoll/+0 spear (3)]
  2410 | D:4      | Reached skill level 6 in Unarmed Combat
  2410 | D:4      | Reached XP level 7. HP: 61/61 MP: 6/6
  2519 | D:4      | Noticed Blork the orc
  2525 | D:4      | Killed Blork the orc
  3074 | D:4      | Found a runed translucent door.
  3075 | D:4      | Noticed Crazy Yiuf
  3265 | D:4      | Killed Crazy Yiuf
  3340 | D:5      | Entered Level 5 of the Dungeon
  3357 | D:5      | Reached skill level 7 in Unarmed Combat
  3415 | D:5      | Noticed Grinder
  3431 | D:5      | Killed Grinder
  3432 | D:5      | Reached XP level 8. HP: 51/68 MP: 7/7
  3792 | D:5      | Reached skill level 8 in Unarmed Combat
  3823 | D:5      | Found a sparkling altar of Nemelex Xobeh.
  3838 | D:5      | Identified the +6 chain mail of the Final Teeth {Fly rCorr
                  | Str-5 SInv}
  4178 | D:5      | Found a shimmering blue altar of Sif Muna.
  4187 | D:5      | Found an ancient bone altar of Kikubaaqudgha.
  4202 | D:5      | Found a radiant altar of Vehumet.
  4395 | D:6      | Found a runed translucent gate.
  4396 | D:6      | Found a runed translucent gate.
  4396 | D:6      | Noticed Mig's ghost (novice TrSh)
  4405 | D:6      | Found a runed translucent gate.
  4408 | D:6      | Noticed a kobold demonologist
  4454 | D:6      | Found a staircase to the Ecumenical Temple.
  4482 | Temple   | Entered the Ecumenical Temple
  4498 | Temple   | Became a worshipper of Makhleb the Destroyer
  4533 | D:6      | Reached XP level 9. HP: 75/75 MP: 8/8
  4763 | D:6      | Reached skill level 9 in Unarmed Combat
  4931 | D:6      | Found a sacrificial altar of Ru.
  5020 | D:7      | Noticed a troll
  5032 | D:7      | Killed a troll
  5400 | D:7      | Reached * piety under Makhleb
  5405 | D:7      | Reached skill level 10 in Unarmed Combat
  5503 | D:7      | Slain by a killer bee

Illustrated notes

Levels and vault maps discovered:
D:1:      saegor_arrival_simple_a, layout_rooms, minmay_rat_gold_closets
D:2:      layout_loops_ring, hellmonk_ecumenical_altar_run_dry, uniq_sigmund
D:3:      minmay_goblin_kobold_castle, layout_basic,
          mainiacjoe_overflow_tiny_flanked, nicolae_figureground_pulse
D:4:      layout_loops_corners, uniq_crazy_yiuf_cottage, uniq_blork_the_orc
D:5:      layout_loops_ring, palyth_temple_overflow_mages, lemuel_round_altar,
          uniq_grinder
D:6:      layout_rooms, nicolae_ru_the_path_less_chosen,
          minmay_temple_entry_mist, gammafunk_ghost_split,
          nicolae_twisty_statue_hallways
D:7:      layout_loops_ring
Temple:   jpeg_temple_clearing

Skill      XL: |  1  2  3  4  5  6  7  8  9 |
---------------+----------------------------+-----
Unarmed Combat | 4 5 6 7 8 10 | 10.0
Shapeshifting  | 4 5 7 8 9 |  9.3
Fighting       | |  0.7
Dodging        | |  1.5

Action                     |  1- 3 |  4- 6 |  7- 9 || total
---------------------------+-------+-------+-------++-------
  Melee: Unarmed           |    54 |   200 |   293 ||   547
         Punch             |     1 |     6 |       ||     7
    Use: Scroll            |       |     4 |       ||     4
         Potion            |       |     1 |       ||     1
   Stab: Sleeping          |     4 |       |     1 ||     5
 Armour: Animal skin       |    29 |   155 |   258 ||   442
         Skin              |       |       |     3 ||     3
  Dodge: Dodged            |    20 |   110 |   146 ||   276
   Form: Flux              |       |     1 |     1 ||     2
         Anaconda          |       |     1 |       ||     1
         Beast             |       |     1 |       ||     1

Table legend: (Time is in decaauts)
 A = Elapsed time spent in this place.
 B = Non-inter-level travel time spent in this place.
 C = Inter-level travel time spent in this place.
 D = Time resting spent in this place.
 E = Time spent auto-exploring this place.
 F = Levels seen in this place.
 G = Mean time per level.
                   A        B        C        D        E       F      G
               +--------+--------+--------+--------+--------+-----+--------+
         Total |   5433 |   5224 |    209 |     44 |   4050 |   8 |  679.1 |
       Dungeon |   5402 |   5208 |    194 |     44 |   4050 |   7 |  771.7 |
        Temple |     31 |     16 |     15 |      0 |      0 |   1 |   31.0 |
               +--------+--------+--------+--------+--------+-----+--------+

Top non-repeatable levels by time:
     D:3: 1120 daAuts
     D:5: 1035 daAuts
     D:4: 1013 daAuts
     D:2: 623 daAuts
     D:6: 601 daAuts
     D:1: 554 daAuts
     D:7: 453 daAuts
  Temple: 31 daAuts
